MLB
HOUSTON ASTROS @ TEXAS RANGERS
07/03/2018
 
TOP OF THE 1ST
Houston Astros batting - Pitching for Texas Rangers : LHP Jon Lester
Pitching: LHP Jon Lester
Batting: LHB Brock Holt 0-0: Swinging Strike
0-1: Foul Ball, location: 2F
0-2: Foul Ball, location: 2F
0-2: Strikes out swinging
Batting: LHB Gregory Polanco 0-0: Ball
1-0: Called Strike
1-1: Ground out 6-3 (Groundball, 6)
Batting: RHB Xander Bogaerts 0-0: Ball
1-0: Ball
2-0: Swinging Strike
2-1: Ball
3-1: Called Strike
3-2: Fly out, F7 (Flyball, 7D)
Top of the 1st over - 0 runs, 0 hits, 0 errors, 0 left on base; Houston 0 - Texas 0
BOTTOM OF THE 1ST
Texas Rangers batting - Pitching for Houston Astros : RHP Daniel Mengden
Pitching: RHP Daniel Mengden
Batting: LHB Ender Inciarte 0-0: Foul Ball, location: 2F
0-1: Called Strike
0-2: Ball
1-2: SINGLE (Line Drive, 4MD)
Batting: RHB Andrelton Simmons 0-0: Ball
1-0: Ball
2-0: Foul Ball, location: 2F
2-1: Foul Ball, location: 2F
2-2: Ball
3-2: Grounds into double play, 4-6-3 (Groundball, 34D)
Batting: LHB Bryce Harper 0-0: Ball
1-0: Foul Ball, location: 2F
1-1: Ball
2-1: Called Strike
2-2: Ball
3-2: Fly out, F8 (Flyball, 8LM)
Bottom of the 1st over - 0 runs, 1 hit, 0 errors, 0 left on base; Houston 0 - Texas 0
TOP OF THE 2ND
Houston Astros batting - Pitching for Texas Rangers : LHP Jon Lester
Batting: RHB Trey Mancini 0-0: Ball
1-0: Fly out, F6 (Flyball, 6D)
Batting: LHB Rougned Odor 0-0: Swinging Strike
0-1: Ball
1-1: Foul Ball, location: 2F
1-2: Strikes out swinging
Batting: LHB Dominic Smith 0-0: Called Strike
0-1: Ball
1-1: Swinging Strike
1-2: Strikes out looking
Top of the 2nd over - 0 runs, 0 hits, 0 errors, 0 left on base; Houston 0 - Texas 0
BOTTOM OF THE 2ND
Texas Rangers batting - Pitching for Houston Astros : RHP Daniel Mengden
Batting: LHB Eric Thames 0-0: Ball
1-0: Ball
2-0: Fly out, F8 (Line Drive, 8RM)
Batting: SHB Jeimer Candelario 0-0: Called Strike
0-1: Ground out 6-3 (Groundball, 6)
Batting: LHB Joc Pederson 0-0: Foul Ball, location: 2F
0-1: SOLO HOME RUN (Flyball, 9LD), Distance : 338 ft
Batting: SHB Matt Wieters 0-0: Fly out, F6 (Popup, 6S)
Bottom of the 2nd over - 1 run, 1 hit, 0 errors, 0 left on base; Houston 0 - Texas 1
TOP OF THE 3RD
Houston Astros batting - Pitching for Texas Rangers : LHP Jon Lester
Batting: LHB Colin Moran 0-0: Ball
1-0: Called Strike
1-1: Called Strike
1-2: Ball
2-2: Foul Ball, location: 2F
2-2: Foul Ball, location: 2F
2-2: Ball
3-2: Foul Ball, location: 2F
3-2: Strikes out swinging
Batting: LHB Jason Heyward 0-0: Ball
1-0: Foul Ball, location: 2F
1-1: Ball
2-1: Ground out U3 (Groundball, 34S)
Batting: LHB Omar Narvaez 0-0: Called Strike
0-1: Ball
1-1: Called Strike
1-2: Ball
2-2: Strikes out swinging
Top of the 3rd over - 0 runs, 0 hits, 0 errors, 0 left on base; Houston 0 - Texas 1
BOTTOM OF THE 3RD
Texas Rangers batting - Pitching for Houston Astros : RHP Daniel Mengden
Batting: SHB Asdrubal Cabrera 0-0: Ball
1-0: Called Strike
1-1: Ground out 4-3 (Groundball, 4)
Batting: SHB Breyvic Valera 0-0: Called Strike
0-1: Called Strike
0-2: Strikes out swinging
Batting: LHB Ender Inciarte 0-0: Ground out 6-3 (Groundball, 6)
Bottom of the 3rd over - 0 runs, 0 hits, 0 errors, 0 left on base; Houston 0 - Texas 1
TOP OF THE 4TH
Houston Astros batting - Pitching for Texas Rangers : LHP Jon Lester
Batting: LHB Brock Holt 0-0: Ball
1-0: Ball
2-0: Ball
3-0: Called Strike
3-1: Ground out 1-3 (Groundball, 34S)
Batting: LHB Gregory Polanco 0-0: Swinging Strike
0-1: Foul Ball, location: 2F
0-2: Strikes out swinging
Batting: RHB Xander Bogaerts 0-0: Ball
1-0: Ball
2-0: DOUBLE (Line Drive, 78M)
Batting: RHB Trey Mancini 0-0: Ball
1-0: SINGLE (Flyball, 89S)
Xander Bogaerts to third
Runner from 3rd tries for Home, SAFE, throw by RF to home
Trey Mancini to second
Batting: LHB Rougned Odor 0-0: Ball
1-0: Ball
2-0: Fly out, F9 (Flyball, 89M)
Top of the 4th over - 1 run, 2 hits, 0 errors, 1 left on base; Houston 1 - Texas 1
BOTTOM OF THE 4TH
Texas Rangers batting - Pitching for Houston Astros : RHP Daniel Mengden
Batting: RHB Andrelton Simmons 0-0: Ball
1-0: Foul Ball, location: 2F
1-1: Fly out, F7 (Flyball, 7D)
Batting: LHB Bryce Harper 0-0: Fly out, F7 (Line Drive, 7D)
Batting: LHB Eric Thames 0-0: Foul Ball, location: 2F
0-1: Ball
1-1: Called Strike
1-2: Strikes out swinging
Bottom of the 4th over - 0 runs, 0 hits, 0 errors, 0 left on base; Houston 1 - Texas 1
TOP OF THE 5TH
Houston Astros batting - Pitching for Texas Rangers : LHP Jon Lester
Batting: LHB Dominic Smith 0-0: Ball
1-0: Swinging Strike
1-1: Foul Ball, location: 2F
1-2: Ball
2-2: Strikes out looking
Batting: LHB Colin Moran 0-0: Called Strike
0-1: Swinging Strike
0-2: Ball
1-2: Foul Ball, location: 2F
1-2: Foul Ball, location: 2F
1-2: Foul Ball, location: 2F
1-2: Foul Ball, location: 2F
1-2: Fly out, F8 (Flyball, 8RS)
Batting: LHB Jason Heyward 0-0: Ball
1-0: Foul Ball, location: 2F
1-1: SINGLE (Groundball, 4MD)
Batting: LHB Omar Narvaez 0-0: Fielders Choice at 2nd, U6 (Groundball, 6M)
Top of the 5th over - 0 runs, 1 hit, 0 errors, 1 left on base; Houston 1 - Texas 1
BOTTOM OF THE 5TH
Texas Rangers batting - Pitching for Houston Astros : RHP Daniel Mengden
Batting: SHB Jeimer Candelario 0-0: Ball
1-0: Ball
2-0: Called Strike
2-1: Foul Ball, location: 2F
2-2: Ball
3-2: Base on Balls
Batting: LHB Joc Pederson 0-0: Foul Ball, location: 2F
0-1: Swinging Strike
0-2: Strikes out swinging
Batting: SHB Matt Wieters 0-0: Fly out, F7 (Line Drive, 7)
Batting: SHB Asdrubal Cabrera 0-0: Ball
1-0: Ball
2-0: Ball
3-0: Called Strike
3-1: Swinging Strike
3-2: Foul Ball, location: 2F
3-2: Base on Balls
Jeimer Candelario to second
Batting: SHB Breyvic Valera 0-0: Ball
1-0: Called Strike
1-1: Ball
2-1: Foul Ball, location: 2F
2-2: DOUBLE (Line Drive, 5D)
Jeimer Candelario scores
Asdrubal Cabrera to third
Runner from 3rd tries for Home, SAFE, throw by LF to home
Batting: LHB Ender Inciarte 0-0: Foul Ball, location: 2F
0-1: Ball
1-1: Ball
2-1: Foul Ball, location: 2F
2-2: Ball
3-2: Strikes out looking
Bottom of the 5th over - 2 runs, 1 hit, 0 errors, 1 left on base; Houston 1 - Texas 3
TOP OF THE 6TH
Houston Astros batting - Pitching for Texas Rangers : LHP Jon Lester
Batting: LHB Brock Holt 0-0: Called Strike
0-1: Ball
1-1: Swinging Strike
1-2: Strikes out swinging
Batting: LHB Gregory Polanco 0-0: Ball
1-0: Swinging Strike
1-1: Called Strike
1-2: Strikes out looking
Batting: RHB Xander Bogaerts 0-0: Foul Ball, location: 2F
0-1: Ball
1-1: Swinging Strike
1-2: Strikes out swinging
Top of the 6th over - 0 runs, 0 hits, 0 errors, 0 left on base; Houston 1 - Texas 3
BOTTOM OF THE 6TH
Texas Rangers batting - Pitching for Houston Astros : RHP Daniel Mengden
Batting: RHB Andrelton Simmons 0-0: Ball
1-0: Fly out, F7 (Flyball, 78S)
Batting: LHB Bryce Harper 0-0: Called Strike
0-1: Swinging Strike
0-2: Foul Ball, location: 2F
0-2: Strikes out swinging
Batting: LHB Eric Thames 0-0: DOUBLE (Line Drive, 89D)
Pitching: RHP Jimmy Herget
Batting: SHB Jeimer Candelario 0-0: Ball
1-0: Ball
2-0: Foul Ball, location: 2F
2-1: Ground out 4-3 (Groundball, 4D)
Bottom of the 6th over - 0 runs, 1 hit, 0 errors, 1 left on base; Houston 1 - Texas 3
TOP OF THE 7TH
Houston Astros batting - Pitching for Texas Rangers : LHP Jon Lester
Batting: RHB Trey Mancini 0-0: Called Strike
0-1: Ball
1-1: Ground out 6-3 (Groundball, 56D)
Batting: LHB Rougned Odor 0-0: Fly out, F9 (Flyball, 9S)
Batting: LHB Dominic Smith 0-0: Ball
1-0: Ball
2-0: Ball
3-0: Swinging Strike
3-1: Called Strike
3-2: Base on Balls
Batting: LHB Colin Moran 0-0: Called Strike
0-1: Ball
1-1: Reached on error, E4 (Groundball, 4)
Dominic Smith to third
Pitching: RHP Matt Bowman
Batting: LHB Jason Heyward 0-0: Ball
1-0: Ball
2-0: Ball
3-0: Base on Balls
Batting: LHB Omar Narvaez 0-0: Ball
1-0: Foul Ball, location: 2F
1-1: Ball
2-1: Swinging Strike
2-2: Ball
3-2: Foul Ball, location: 2F
3-2: Foul Ball, location: 2F
3-2: Ground out 6-3 (Groundball, 6)
Top of the 7th over - 0 runs, 0 hits, 1 error, 3 left on base; Houston 1 - Texas 3
BOTTOM OF THE 7TH
Texas Rangers batting - Pitching for Houston Astros : RHP Jimmy Herget
Batting: LHB Joc Pederson 0-0: Ball
1-0: Called Strike
1-1: Foul Ball, location: 2F
1-2: Strikes out swinging
Batting: SHB Matt Wieters 0-0: Foul Ball, location: 2F
0-1: Ball
1-1: Ball
2-1: Ball
3-1: Fly out, F5 (Popup, 25F)
Batting: SHB Asdrubal Cabrera 0-0: Ball
1-0: Swinging Strike
1-1: Foul Ball, location: 2F
1-2: Ball
2-2: Ball
3-2: SOLO HOME RUN (Flyball, 9D), Distance : 376 ft
Batting: SHB Breyvic Valera 0-0: Swinging Strike
0-1: Ball
1-1: Ground out 5-3 (Groundball, 5S)
Bottom of the 7th over - 1 run, 1 hit, 0 errors, 0 left on base; Houston 1 - Texas 4
TOP OF THE 8TH
Houston Astros batting - Pitching for Texas Rangers : RHP Matt Bowman
Batting: LHB Brock Holt 0-0: Ball
1-0: Foul Ball, location: 2F
1-1: Ball
2-1: Ball
3-1: Base on Balls
Batting: LHB Gregory Polanco 0-0: Swinging Strike
0-1: Foul Ball, location: 2F
0-2: Ball
1-2: SINGLE (Line Drive, 4MD)
Brock Holt to second
Runner from 2nd tries for 3rd, SAFE, throw by CF made to third
Batting: RHB Xander Bogaerts 0-0: Ball
1-0: Called Strike
1-1: Ball
2-1: Foul Ball, location: 2F
2-2: Ground out 6-3 (Groundball, 6MD)
Brock Holt scores
Gregory Polanco to second
Pitching: RHP Trevor Hildenberger
Batting: RHB Trey Mancini 0-0: Foul Ball, location: 2F
0-1: Ball
1-1: Foul Ball, location: 2F
1-2: Ball
2-2: Ball
3-2: Fly out, F7 (Flyball, 7S)
Batting: LHB Rougned Odor 0-0: Called Strike
0-1: Ball
1-1: Ball
2-1: DOUBLE (Line Drive, 89XD)
Gregory Polanco scores
Batting: LHB Dominic Smith 0-0: Foul Ball, location: 2F
0-1: Called Strike
0-2: Strikes out looking
Top of the 8th over - 2 runs, 2 hits, 0 errors, 1 left on base; Houston 3 - Texas 4
BOTTOM OF THE 8TH
Texas Rangers batting - Pitching for Houston Astros : RHP Jimmy Herget
Pitching: RHP Tony Zych
Batting: LHB Ender Inciarte 0-0: Ball
1-0: Called Strike
1-1: Swinging Strike
1-2: Ball
2-2: Ball
3-2: Ground out 5-3 (Groundball, 5)
Batting: RHB Andrelton Simmons 0-0: SINGLE (Line Drive, 78S)
Pitching: LHP Chris Rusin
Batting: LHB Bryce Harper 0-0: Ball
1-0: Ball
2-0: Reached on error, E4 (Groundball, 34D)
Andrelton Simmons to second
Batting: LHB Eric Thames 0-0: Ball
1-0: Foul Ball, location: 2F
1-1: Foul Ball, location: 2F
1-2: Ball
2-2: Ball
3-2: Base on Balls
Andrelton Simmons to third
Bryce Harper to second
Batting: SHB Jeimer Candelario 0-0: Ball
1-0: Ball
2-0: Fly out, F9 (Flyball, 9S)
Batting: LHB Joc Pederson 0-0: Called Strike
0-1: Foul Ball, location: 2F
0-2: Ball
1-2: Foul Ball, location: 2F
1-2: Ball
2-2: Ball
3-2: Foul Ball, location: 2F
3-2: Fly out, F7 (Flyball, 7LSF)
Bottom of the 8th over - 0 runs, 1 hit, 1 error, 3 left on base; Houston 3 - Texas 4
TOP OF THE 9TH
Houston Astros batting - Pitching for Texas Rangers : RHP Trevor Hildenberger
Pitching: RHP Anthony Swarzak
Batting: LHB Colin Moran 0-0: Fly out, F8 (Flyball, 89S)
Batting: LHB Jason Heyward 0-0: Ball
1-0: Ball
2-0: Fly out, F9 (Flyball, 9D)
Batting: LHB Omar Narvaez 0-0: Called Strike
0-1: Ball
1-1: Foul Ball, location: 2F
1-2: Ball
2-2: Ground out 6-3 (Groundball, 56)
Top of the 9th over - 0 runs, 0 hits, 0 errors, 0 left on base; Houston 3 - Texas 4
Sunday, September 9th, 2018 - OOTP Baseball 19.8 Build 79